 Dungeon Crawl Stone Soup version 0.23.2 (webtiles) character file.

Game seed: 16840262652035376409

133 Marnok the Twirler (level 4, -3/34 HPs)
             Began as a Demonspawn Gladiator on Apr 1, 2019.
             Slain by a worker ant (6 damage)
             ... on level 4 of the Dungeon.
             The game lasted 00:07:53 (2813 turns).

Marnok the Twirler (Demonspawn Gladiator)           Turns: 2813, Time: 00:07:53

Health: -3/34      AC:  4    Str: 15    XL:     4   Next: 94%
Magic:  4/4        EV: 13    Int:  9    God:
Gold:   175        SH:  0    Dex: 15    Spells: 3/3 levels left

rFire    . . .     SeeInvis .   a - +0 quarterstaff
rCold    . . .     Gourm    .   (shield currently unavailable)
rNeg     . . .     Faith    .   b - +0 leather armour
rPois    .         Spirit   .   s - +0 helmet
rElec    .         Reflect  .   (no cloak)
rCorr    .         Harm     .   (no gloves)
MR       .....                  (no boots)
Stlth    ++........             i - amulet of regeneration
HPRegen  0.51/turn              h - ring of flight
MPRegen  0.09/turn              (no ring)

@: lethally poisoned (-3 -> -3), hasted, very quick
A: rot immunity
a: Evoke Flight


You were on level 4 of the Dungeon.
You were not hungry.

You visited 1 branch of the dungeon, and saw 4 of its levels.

You collected 175 gold pieces.

Inventory:

Hand Weapons
 a - a +0 quarterstaff (weapon)
 t - a +2 vampiric morningstar
Missiles
 d - 3 throwing nets (quivered)
Armour
 b - a +0 leather armour (worn)
 c - a +0 helmet
 s - a +0 helmet (worn)
Jewellery
 g - an uncursed amulet of magic regeneration
 h - a ring of flight (left hand)
 i - an amulet of regeneration (around neck)
Scrolls
 k - 2 scrolls of remove curse
 m - a scroll of magic mapping {unknown}
 n - a scroll of amnesia {unknown}
 p - a scroll of fog {unknown}
 q - a scroll of enchant armour {unknown}
 u - a scroll of identify {unknown}
Potions
 e - a potion of haste
 j - a potion of lignification {unknown}
 l - 2 potions of magic
 r - a potion of degeneration {unknown}
Comestibles
 f - 8 rations


   Skills:
 + Level 2.6 Fighting
 + Level 4.0 Staves
 + Level 1.8 Throwing
 + Level 1.1 Armour
 + Level 3.2 Dodging
 + Level 1.0 Stealth


You had 3 spell levels left.
You didn't know any spells.
Your spell library was empty.

Dungeon Overview and Level Annotations

Branches:
Dungeon (4/15)
 Temple: D:4-7

Altars:


Innate Abilities, Weirdness & Mutations

You are immune to rotting.


Message History

The worker ant poisons you! The giant cockroach bites you.
You sock the worker ant!
The worker ant is almost dead.
You feel sick. The worker ant bites you! The giant cockroach barely misses you.
The worker ant closely misses you. x2
You closely miss the worker ant.
The worker ant is almost dead.
The giant cockroach bites you but does no damage.
The worker ant bites you. The worker ant misses you.
It was a potion of haste.
You feel yourself speed up.
You feel sick. The giant cockroach misses you. The worker ant bites you.
The worker ant bites you!
* * * LOW HITPOINT WARNING * * *
The giant cockroach bites you but does no damage.
You barely miss the worker ant.
The worker ant is almost dead.
The worker ant bites you.
* * * LOW HITPOINT WARNING * * *
The worker ant bites you.
You die...

..........## ......
.)............###......
................<......
......................
.......................
...#...................
..........####.........
.......a..#####........
...$.#@...............
......sa...............
...........####........
.........### ##.......
...#...### ..#.... ..
#... .###... . #.... .#
#.. ...... ....#


You could see 2 worker ants and a giant cockroach.

Vanquished Creatures
  4 adders
  2 oozes
  A worm (D:2)
  7 leopard geckos
  5 orcs (D:3)
  6 bats
  5 giant cockroaches
  11 goblins
  7 hobgoblins
  A quokka (D:2)
  A ball python (D:2)
  2 frilled lizards
  8 kobolds
  10 rats
70 creatures vanquished.

Notes
Turn   | Place    | Note
-------+----------+-------------------------------------------
     0 | D:1      | Marnok the Demonspawn Gladiator began the quest for the
                  | Orb.
     0 | D:1      | Reached XP level 1. HP: 16/16 MP: 1/1
   150 | D:1      | Reached skill level 3 in Staves
   153 | D:1      | Gained mutation: You are immune to rotting. [demonic
                  | ancestry]
   153 | D:1      | Reached XP level 2. HP: 20/22 MP: 2/2
  1327 | D:2      | Reached XP level 3. HP: 27/27 MP: 3/3
  1955 | D:2      | Reached XP level 4. HP: 33/34 MP: 4/4
  2351 | D:3      | Reached skill level 1 in Armour
  2436 | D:3      | Reached skill level 1 in Stealth
  2438 | D:3      | Reached skill level 4 in Staves
  2813 | D:4      | Slain by a worker ant

Skill      XL: |  1  2  3  4 |
---------------+-------------+-----
Staves         | 3 4 |  4.0
Dodging        | 3 |  3.2
Armour         | 1 |  1.1
Stealth        | 1 |  1.0
Fighting       | |  2.6
Throwing       | |  1.8

Action                   |  1- 3 |  4- 6 || total
-------------------------+-------+-------++-------
Melee: Quarterstaff      |   132 |    85 ||   217
  Use: Potion            |     2 |     1 ||     3
       Scroll            |     1 |     1 ||     2
 Stab: Sleeping          |     1 |     1 ||     2
  Eat: Chunk             |     3 |     3 ||     6
Armor: Leather armour    |    28 |    26 ||    54
Dodge: Dodged            |   118 |    69 ||   187
